 Dungeon Crawl Stone Soup version 0.32-a0-876-gcfddb08e57 (webtiles) character file.

Game seed: 3945242282488817492

35787 TacoSundae the Thaumaturge (level 13, 0/55 HPs)
             Began as a Spriggan Earth Elementalist on Apr 1, 2024.
             Was a High Priest of Sif Muna.
             Slain by a black mamba (15 damage)
             ... on level 5 of the Lair of Beasts.
             The game lasted 01:19:19 (19433 turns).

TacoSundae the Thaumaturge (SpEE)                  Turns: 19433, Time: 01:19:20

Health: 0/55       AC:  6    Str:  4    XL:     13   Next: 49%
Magic:  27/30      EV: 16    Int: 20    God:    Sif Muna [*****.]
Gold:   895        SH:  0    Dex: 17    Spells: 14/37 levels left

rFire   . . .        u - +2 spear (flame)
rCold   . . .        o - orb {*channel}
rNeg    . . .        w - +0 steam dragon scales
rPois   .            (helmet restricted)
rElec   .            t - +0 cloak
rCorr   +            (gloves unavailable)
SInv    +            (boots unavailable)
Will    ++...        E - amulet of regeneration
Stlth   ++           r - ring of wizardry
HPRegen 1.09/turn    D - ring of resist corrosion
MPRegen 0.22/turn

%: wizardry (x1), channel magic (20%)
@: lethally poisoned (0 -> -5), very quick
A: very small, no large weapons, unfitting armour, see invisible, speed 3
a: Renounce Religion, Channel Magic, Forget Spell, Divine Exegesis


You were on level 5 of the Lair of Beasts.
You worshipped Sif Muna.
Sif Muna was extremely pleased with you.
You visited 3 branches of the dungeon, and saw 16 of its levels.

You collected 895 gold pieces.

Inventory:

Hand Weapons
 q - a +3 dagger
 u - a +2 spear of flaming (weapon)
Missiles
 h - 2 throwing nets
Armour
 o - an orb of energy (worn)
 t - a +0 cloak (worn)
 w - +0 steam dragon scales (worn)
 y - a +2 robe of cold resistance
Magical Staves
 s - a staff of alchemy
 v - a staff of death
Jewellery
 a - a ring of fire
 n - a ring of ice
 r - a ring of wizardry (left hand)
 D - a ring of resist corrosion (right hand)
 E - an amulet of regeneration (around neck)
 F - an amulet of guardian spirit
Wands
 A - a wand of acid (8)
 B - a wand of charming (8)
 C - a wand of mindburst (21)
Scrolls
 c - 3 scrolls of immolation
 f - 6 scrolls of blinking
 m - 3 scrolls of fog
 p - 3 scrolls of teleportation
 x - 11 scrolls of identify
 G - a scroll of enchant weapon
Potions
 b - 2 potions of magic
 d - 6 potions of heal wounds
 e - 3 potions of might
 g - a potion of berserk rage
 i - 6 potions of haste
 j - 3 potions of enlightenment
 k - 6 potions of curing
 l - 2 potions of resistance
 z - a potion of mutation


   Skills:
 - Level 2.6 Dodging
 - Level 3.0 Stealth
 + Level 12.9 Spellcasting
 * Level 11.6 Conjurations
 + Level 12.2 Earth Magic
 + Level 7.6 Invocations


You had 14 spell levels left.
You knew the following spells:

 Your Spells              Type           Power      Damage    Failure   Level
a - Sandblast             Erth           100%       2d20      1%          1
b - Stone Arrow           Conj/Erth      100%       3d13      1%          3
c - Brom's Barrelling Bo  Conj/Erth      57%        2d7       1%          4
d - Lee's Rapid Deconstr  Erth           29%        3d15*     1%          5
e - Bombard               Conj/Erth      28%        9d5       7%          6
f - Fulminant Prism       Conj/Alch      18%        3d10      6%          4

Your spell library contained the following spells:

 Spells                   Type           Power      Damage    Failure   Level
 Passwall                 Erth           58%        N/A       1%          3
 Leda's Liquefaction      Alch/Erth      18%        N/A       5%          4
 Petrify                  Alch/Erth      37%        N/A       5%          4
 Iskenderun's Mystic Bla Conj/Tloc 36%            2d9        (+2d4     6%          4
 Irradiate                Conj/Alch      18%        3d17      12%         5
 Inner Flame              Hex/Fire       12%        N/A       14%         3
 Volatile Blastmotes      Fire/Tloc      24%        2d12      14%         3
 Vhi's Electric Charge    Tloc/Air       24%        N/A       34%         4
 Permafrost Eruption      Ice/Erth       18%        2x4d5     41%         6
 Metabolic Englaciation   Hex/Ice        6%         N/A       65%         5
 Ignition                 Fire           6%         3d4       100%        8


Dungeon Overview and Level Annotations

Branches:
Dungeon (10/15)            Temple (1/1) D:5            Lair (5/5) D:8
  Swamp (0/4) Lair:2        Snake (0/4) Lair:2        Slime (0/5) Lair:5
    Orc: D:9-12

Altars:
Ashenzari
Cheibriados
Dithmenos
Elyvilon
Fedhas
Gozag
Hepliaklqana
Kikubaaqudgha
Makhleb
Okawaru
Qazlal
Ru
Sif Muna
Trog
Uskayaw
Vehumet
Wu Jian
Xom
Yredelemnul
Zin
The Shining One
Jiyva
Lugonu

Shops:
D:4 (

Portals:
Abyss: D:8

Annotations:
D:7 2 transporters, bmack86's ghost, novice MiFi
D:8 2 runed translucent doors
D:10 Maggie
Lair:1 3 runed translucent doors, hexenhour's ghost, journeyman DjFE


Innate Abilities, Weirdness & Mutations

You are very small and have problems with some larger weapons.
You are too small for most types of armour.
You have supernaturally acute eyesight. (SInv)
You cover ground extremely quickly. (Speed+++)


Message History

Aiming: Stone Arrow (safe; 1% risk of failure)
Press: ? - help, Shift-Dir - straight line, f/p - wyvern
Aim: a wyvern (almost dead, 78% to hit)
The stone arrow hits the wyvern!
You kill the wyvern!
Sif Muna accepts your kill.
The black mamba hisses angrily.
There is a stone staircase leading up, spattered with blood here.
The black mamba misses you.
You climb upwards.
There is a stone staircase leading down here.
You start resting.
Magic restored.
You climb downwards.
The black mamba bites you! x2
There is a stone staircase leading up, spattered with blood here.
Unknown command.
The black mamba completely misses you.
You see here a blink frog skeleton.
The black mamba attacks as it pursues you!
The black mamba bites you.
You are poisoned.
The black mamba poisons you!
Casting: Stone Arrow (safe; 1% risk of failure)
Confirm with . or Enter, or press ? or * to list all spells.
Aiming: Stone Arrow (safe; 1% risk of failure)
Press: ? - help, Shift-Dir - straight line, f - black mamba
Aim: a black mamba (63% to hit)
The stone arrow hits the black mamba!
The black mamba is moderately wounded.
You feel very sick. The black mamba barely misses you.
Casting: Stone Arrow (safe; 1% risk of failure)
Confirm with . or Enter, or press ? or * to list all spells.
Aiming: Stone Arrow (safe; 1% risk of failure)
Press: ? - help, Shift-Dir - straight line, f/p - black mamba
Aim: a black mamba (moderately wounded, 63% to hit)
The stone arrow misses the black mamba.
Magical energy flows into your mind!
You feel very sick. The black mamba bites you!
You die...

#......................
#.P....................
##..........<...........
#...................#...
##...........#....P..##.#
####................PP.##.##
#.##...#.÷.........##..#..
#.....##.....[.....####..
#.#........@......... #...
##....#....S...#...P. .P
##....†....<....##....
#.........÷...†.##
###...........††.P.##
#.P..##P..÷...##....##
#....###.......#.....#
##...##......##.#.....#
##...........######....#


You could see a black mamba.

Vanquished Creatures
  A hydra (Lair:5)
  Erolcha (D:9)
  2 catoblepae
  Sonja (Lair:4)
  A skyshark (Lair:4)
  A goliath frog (Lair:2)
  2 lindwurms (Lair:5)
  An oklob plant (Lair:4)
  4 black mambas
  8 elephants
  13 cane toads
  A torpor snail (Lair:5)
  11 komodo dragons
  A troll (D:8)
  2 polar bears
  5 hornets
  27 blink frogs
  Grinder (D:5)
  Prince Ribbit (D:8)
  2 slime creatures (D:9)
  Sigmund (D:3)
  2 spriggans (Lair:2)
  12 wyverns
  16 yaks
  2 steam dragons
  3 basilisks
  3 nagas (Lair:2)
  An acid dragon (D:8)
  18 water moccasins
  2 orc warriors
  2 black bears
  16 wolves
  2 centaurs
  A phantom (D:6)
  2 kobold brigands
  11 bullfrogs
  2 scorpions
  2 gnoll sergeants
  5 wights (D:7)
  3 killer bees (D:7)
  2 bombardier beetles
  4 howler monkeys
  4 hounds
  6 jellies
  A gnoll bouda (D:6)
  8 orc priests
  2 sleepcaps
  6 orc wizards
  Terence (D:1)
  5 adders
  18 gnolls
  A shadow imp (D:5)
  3 white imps (D:6)
  2 ufetubi (D:5)
  A ribbon worm (D:2)
  A dart slug (D:3)
  16 orcs
  7 ball pythons
  7 bats
  8 endoplasms
  3 giant cockroaches
  5 goblins
  6 hobgoblins
  4 jackals (D:2)
  3 quokkas
  4 frilled lizards
  15 kobolds
  8 rats
343 creatures vanquished.

Vanquished Creatures (others)
  A yak (Lair:1)
  3 fulminant prisms (Lair:4)
4 creatures vanquished.

Grand Total: 347 creatures vanquished

Notes
Turn   | Place    | Note
-------+----------+-------------------------------------------
     0 | D:1      | TacoSundae the Spriggan Earth Elementalist began the quest
                  | for the Orb.
     0 | D:1      | Reached XP level 1. HP: 9/9 MP: 5/5
   148 | D:1      | Reached skill level 1 in Conjurations
   191 | D:1      | Reached XP level 2. HP: 13/13 MP: 4/6
   953 | D:2      | Reached XP level 3. HP: 16/16 MP: 4/8
  1017 | D:2      | Noticed Terence
  1108 | D:2      | Learned a level 3 spell: Stone Arrow
  1281 | D:2      | Reached XP level 4. HP: 21/21 MP: 6/10
  2302 | D:1      | Killed Terence
  2303 | D:1      | Reached XP level 5. HP: 24/24 MP: 1/11
  2920 | D:3      | Noticed Sigmund
  2934 | D:3      | Killed Sigmund
  2935 | D:3      | Reached XP level 6. HP: 20/28 MP: 5/13
  3531 | D:4      | Found Lucsicko's Antique Weapon Shop.
  3535 | D:4      | Reached skill level 5 in Earth Magic
  3539 | D:4      | Found a snail-covered altar of Cheibriados.
  3740 | D:4      | Found a stormy altar of Qazlal.
  3741 | D:4      | Found a white marble altar of Elyvilon.
  3741 | D:4      | Found a glowing golden altar of the Shining One.
  3925 | D:5      | Entered Level 5 of the Dungeon
  4064 | D:5      | Reached XP level 7. HP: 32/32 MP: 11/15
  4210 | D:5      | Found an opulent altar of Gozag.
  4451 | D:5      | Found a staircase to the Ecumenical Temple.
  4518 | Temple   | Entered the Ecumenical Temple
  4527 | Temple   | Became a worshipper of Sif Muna the Loreminder
  4546 | D:5      | Found a bloodstained altar of Trog.
  4547 | D:5      | Found a shimmering altar of Xom.
  4547 | D:5      | Found a hide-covered altar of Uskayaw.
  4558 | D:5      | Found a hazy altar of Hepliaklqana.
  4615 | D:5      | Reached skill level 5 in Spellcasting
  4689 | D:5      | Noticed Grinder
  4702 | D:5      | Killed Grinder
  5337 | D:6      | Learned a level 4 spell: Brom's Barrelling Boulder
  5340 | D:6      | Found an ancient bone altar of Kikubaaqudgha.
  5531 | D:6      | Found an iron altar of Okawaru.
  5537 | D:6      | Reached XP level 8. HP: 36/36 MP: 7/17
  5972 | D:6      | Identified a scroll of acquirement
  5972 | D:6      | Acquired an orb of energy
  6193 | D:6      | Reached skill level 5 in Conjurations
  6934 | D:7      | Reached * piety under Sif Muna
  6989 | D:7      | Reached XP level 9. HP: 31/39 MP: 7/20
  7159 | D:7      | Found an ornate altar of the Wu Jian Council.
  7277 | D:7      | Found a bloodstained altar of Trog.
  7277 | D:7      | Noticed bmack86's ghost (novice MiFi)
  7277 | D:7      | Noticed a troll
  7279 | D:7      | Noticed a moth of wrath
  7283 | D:7      | Found a transporter.
  7504 | D:7      | Found a transporter.
  7845 | D:8      | Noticed Prince Ribbit
  7852 | D:8      | Killed Prince Ribbit
  8125 | D:8      | Learned a level 5 spell: Lee's Rapid Deconstruction
  8232 | D:8      | Noticed a troll
  8238 | D:8      | Killed a troll
  8306 | D:8      | Found a blossoming altar of Fedhas.
  8515 | D:8      | Reached ** piety under Sif Muna
  8529 | D:8      | Found a one-way gate to the infinite horrors of the Abyss.
  8529 | D:8      | Identified the +4 dagger of Yredelemnul's Respect {distort,
                  | *Noise Int+5 SInv}
  8529 | D:8      | Identified the +2 robe of Xassit {Int+5 Slay+3}
  8529 | D:8      | Noticed a kobold demonologist
  8529 | D:8      | Noticed a purple ugly thing
  8534 | D:8      | Noticed a kobold demonologist
  8608 | D:8      | Noticed a white ugly thing
  8675 | D:8      | Found a large runed translucent door.
  8676 | D:8      | Found a large runed translucent door.
  8685 | D:8      | Found a corrupted altar of Lugonu.
  9010 | D:8      | Noticed a komodo dragon
  9021 | D:8      | Killed a komodo dragon
  9031 | D:8      | Noticed a komodo dragon
  9062 | D:8      | Killed a komodo dragon
  9063 | D:8      | Reached XP level 10. HP: 38/44 MP: 17/23
  9346 | D:8      | Found a staircase to the Lair.
  9643 | D:9      | Noticed Erolcha
  9889 | D:9      | Killed Erolcha
 10057 | D:9      | Learned a level 6 spell: Bombard
 10431 | D:9      | Reached skill level 10 in Earth Magic
 10841 | D:10     | Entered Level 10 of the Dungeon
 10841 | D:10     | Noticed Maggie
 10964 | Lair:1   | Entered Level 1 of the Lair of Beasts
 10969 | Lair:1   | Noticed a cane toad
 10974 | Lair:1   | Noticed a black mamba
 10982 | Lair:1   | Noticed hexenhour's ghost (journeyman DjFE)
 11058 | Lair:1   | Killed a cane toad
 11059 | Lair:1   | Reached skill level 1 in Invocations
 11204 | Lair:1   | Reached XP level 11. HP: 47/47 MP: 18/25
 11373 | Lair:1   | Reached *** piety under Sif Muna
 11599 | Lair:1   | Reached skill level 10 in Spellcasting
 11688 | Lair:1   | Found a runed translucent gate.
 11688 | Lair:1   | Found a runed translucent gate.
 11688 | Lair:1   | Found a runed translucent gate.
 11838 | Lair:1   | Noticed a catoblepas
 12038 | Lair:1   | Killed a catoblepas
 12818 | Lair:2   | Found a staircase to the Swamp.
 12818 | Lair:2   | Noticed a goliath frog
 13053 | Lair:2   | Killed a goliath frog
 13115 | Lair:2   | Found a staircase to the Snake Pit.
 13564 | Lair:2   | Reached XP level 12. HP: 38/51 MP: 11/27
 14066 | Lair:2   | Reached skill level 5 in Invocations
 14094 | Lair:2   | Reached skill level 10 in Conjurations
 14110 | Lair:2   | Reached **** piety under Sif Muna
 15972 | Lair:4   | Noticed a catoblepas
 15993 | Lair:4   | Killed a catoblepas
 16096 | Lair:4   | Noticed Sonja
 16131 | Lair:4   | Killed Sonja
 16216 | Lair:4   | You fall into a shaft and drop 1 floor!
 16216 | Lair:5   | Entered Level 5 of the Lair of Beasts
 16230 | Lair:5   | Learned a level 4 spell: Fulminant Prism
 16708 | Lair:4   | Reached XP level 13. HP: 55/55 MP: 18/30
 16951 | Lair:4   | Identified the +7 falchion "Duzuc" {freeze, *Slow Str+9
                  | Int+2}
 17922 | Lair:5   | Found a viscous altar of Jiyva.
 17922 | Lair:5   | Found a staircase to the Slime Pits.
 18976 | Lair:5   | Reached ***** piety under Sif Muna
 19433 | Lair:5   | Slain by a black mamba

Illustrated notes

Levels and vault maps discovered:
D:1:      dpeg_arrival_pits, layout_basic
D:2:      layout_basic, kennysheep_generic_room_3, uniq_terence
D:3:      layout_basic, uniq_sigmund
D:4:      layout_rooms, gammafunk_temple_overflow_claw,
          mainiacjoe_overflow_tiny_flanked, serial_shops, kennysheep_mini_moat,
          corexii_item_surrounded_by_moat
D:5:      layout_basic, lemuel_crystal_altar,
          chequers_temple_overflow_statue_of_worship,
          minmay_temple_entry_stoned_glass, uniq_grinder
D:6:      layout_basic, lemuel_crystal_altar, okawaru_ov_weapons_minmay,
          serial_rivers, chequers_serial_rivers_room_a,
          chequers_serial_rivers_small_b, chequers_serial_rivers_room_a,
          chequers_serial_rivers_room_a, chequers_serial_rivers_small_a,
          kennysheep_nondescript, kennysheep_crisscross
D:7:      layout_basic, nicolae_wu_jian_immortal_techniques,
          gammafunk_ghost_wrathful_warriors
D:8:      due_chaos_kobolds, layout_layer_cave, mainiacjoe_overflow_24_doors,
          erik_lair_dragon, uniq_prince_ribbit1
D:9:      layout_rooms, uniq_erolcha
D:10:     layout_irregular_city, nemelex_altar_shiori, minivault_5,
          nicolae_straight_to_the_point, uniq_maggie, uniq_erica, uniq_fannar,
          uniq_josephine
Temple:   nicolae_temple_superstar
Lair:1:   layout_loops_ring, gammafunk_ghost_icy
Lair:2:   layout_long_grid, mainiacjoe_swamp_entry_lozenge_pond,
          nicolae_snake_entry_squirm, forest_entry_grove, lemuel_fruit_tree
Lair:3:   layout_small_grid, serial_bayou_lagoon_a, grunt_megastairs_2
Lair:4:   layout_cave_pods, uniq_sonja
Lair:5:   hangedman_lair_tendril_chambers, layout_hall_layers, wormcave,
          nicolae_slime_entry_field_trip, gauntlet_entry_generic

Skill      XL: |  1  2  3  4  5  6  7  8  9 10 11 12 13 |
---------------+----------------------------------------+-----
Conjurations   | 1 2 3 4 5 7 8 9 11 | 11.6
Earth Magic    | 3 4 5 6 7 8 10 11 12 | 12.2
Spellcasting   | 3 4 5 6 8 9 10 12 | 12.9
Invocations    | 1 4 6 7 |  7.6
Dodging        | |  2.6
Stealth        | |  3.0

Action                     |  1- 3 |  4- 6 |  7- 9 | 10-12 | 13-15 || total
---------------------------+-------+-------+-------+-------+-------++-------
  Melee: Spear             |     4 |     3 |       |    14 |       ||    21
   Cast: Sandblast         |    58 |    74 |   112 |   129 |    16 ||   389
         Stone Arrow       |       |     4 |    69 |   200 |   134 ||   407
         Brom's Barrelling |       |       |     2 |    10 |       ||    12
         Lee's Rapid Decon |       |       |       |    19 |     8 ||    27
         Bombard           |       |       |       |     4 |     1 ||     5
         Fulminant Prism   |       |       |       |     3 |       ||     3
  Evoke: Wand              |       |       |       |     3 |       ||     3
    Use: Scroll            |       |    14 |     7 |     1 |     1 ||    23
         Potion            |       |       |       |     1 |       ||     1
 Armour: Robe              |     3 |     3 |    19 |       |       ||    25
         Steam dragon scal |       |       |     3 |    57 |    51 ||   111
  Dodge: Dodged            |    13 |     9 |    27 |    93 |    55 ||   197

Table legend: (Time is in decaauts)
 A = Elapsed time spent in this place.
 B = Non-inter-level travel time spent in this place.
 C = Inter-level travel time spent in this place.
 D = Time resting spent in this place.
 E = Time spent auto-exploring this place.
 F = Levels seen in this place.
 G = Mean time per level.
                   A        B        C        D        E       F      G
               +--------+--------+--------+--------+--------+-----+--------+
         Total |  15038 |  14594 |    444 |   3037 |   7472 |  16 |  939.9 |
       Dungeon |   8157 |   7873 |    284 |   1262 |   4378 |  10 |  815.7 |
        Temple |     12 |     12 |      0 |      0 |      0 |   1 |   12.0 |
          Lair |   6868 |   6709 |    159 |   1775 |   3094 |   5 | 1373.6 |
               +--------+--------+--------+--------+--------+-----+--------+

Top non-repeatable levels by time:
  Lair:4: 1840 daAuts
     D:8: 1580 daAuts
  Lair:2: 1486 daAuts
  Lair:3: 1332 daAuts
  Lair:1: 1328 daAuts
     D:6: 1298 daAuts
     D:2: 940 daAuts
  Lair:5: 880 daAuts
     D:1: 869 daAuts
     D:9: 866 daAuts
     D:5: 806 daAuts
     D:7: 722 daAuts
     D:3: 623 daAuts
     D:4: 432 daAuts
    D:10: 18 daAuts
